 Dungeon Crawl Stone Soup version 0.24.0-1-gfbc8707 (webtiles) character file.

Game seed: 4732696299460982221, levelgen mode: deterministic

51349 Illumine the Jinx (level 14, -4/82 HPs)
             Began as a Deep Elf Enchanter on Nov 16, 2019.
             Was an Elder of Wu Jian.
             Slain by a fire crab (6 damage)
             ... on level 6 of the Lair of Beasts.
             The game lasted 01:09:00 (22068 turns).

Illumine the Jinx (Deep Elf Enchanter)             Turns: 22068, Time: 01:09:01

Health: -4/82      AC:  7    Str:  6    XL:     14   Next: 23%
Magic:  27/32      EV: 20    Int: 24    God:    Wu Jian [****..]
Gold:   181        SH:  5    Dex: 16    Spells: 8/38 levels left

rFire    + . .     SeeInvis .   b - +9 rapier of Toisof {drain, rN+}
rCold    . . .     Gourm    .   C - +0 buckler
rNeg     + . .     Faith    .   J - +2 robe {rF+}
rPois    .         Spirit   .   e - +0 helmet
rElec    .         Reflect  .   t - +0 cloak (curse)
rCorr    .         Harm     .   i - +0 pair of gloves
MR       ++...                  (no boots)
Stlth    +++++.....             (no amulet)
HPRegen  0.23/turn              n - +3 ring of slaying
MPRegen  0.23/turn              x - ring of protection from magic

@: no status effects
A: no striking features
a: Wall Jump, Serpent's Lash, Renounce Religion


You were on level 6 of the Lair of Beasts.
You worshipped Wu Jian.
Wu Jian was greatly pleased with you.
You were not hungry.

You visited 3 branches of the dungeon, and saw 19 of its levels.

You collected 1096 gold pieces.
You spent 915 gold pieces at shops.

Inventory:

Hand Weapons
 a - a +3 dagger
 b - the +9 rapier of Toisof (weapon) {drain, rN+}
   (You found it on level 9 of the Dungeon)

   A truly terrible weapon, it drains the life of those it strikes.
   It protects you from negative energy.
 O - a +2 dagger of flaming
Armour
 e - a +0 helmet (worn)
 i - a +0 pair of gloves (worn)
 t - a cursed +0 cloak (worn)
 C - a +0 buckler (worn)
 J - a +2 robe of fire resistance (worn)
Jewellery
 k - an uncursed ring of protection from fire
 n - a +3 ring of slaying (left hand)
 v - an uncursed ring of flight
 x - a ring of protection from magic (right hand)
 D - an uncursed amulet of rage
Wands
 m - a wand of random effects (19)
 q - a wand of digging (6)
 s - a wand of acid (7)
 u - a wand of scattershot (1)
 L - a wand of polymorph (5)
 N - a wand of iceblast (5)
 Q - a wand of flame (51)
Scrolls
 f - 8 scrolls of teleportation
 h - 8 scrolls of remove curse
 j - a scroll of amnesia
 p - 3 scrolls of magic mapping
 r - a scroll of enchant armour {unknown}
 y - 3 scrolls of fog
 E - a scroll of enchant weapon {unknown}
 I - 3 scrolls of noise {unknown}
 R - a scroll of silence {unknown}
Potions
 c - 2 potions of magic
 g - 4 potions of might
 l - 4 potions of lignification
 o - 7 potions of curing
 w - 2 potions of heal wounds
 z - 3 potions of invisibility
 A - 2 potions of mutation
 B - 3 potions of haste
 F - a potion of berserk rage
 G - 3 potions of brilliance
 H - a potion of resistance {unknown}
 K - 2 potions of agility {unknown}
 P - 3 potions of cancellation {unknown}
 S - a potion of degeneration {unknown}
Comestibles
 d - 21 rations


   Skills:
 + Level 7.0 Fighting
 + Level 9.9 Short Blades
 + Level 10.8 Dodging
 + Level 12.8 Stealth
 - Level 4.0 Shields
 + Level 12.7 Spellcasting
 + Level 10.3 Conjurations
 + Level 12.9 Hexes
 + Level 2.5 Summonings


You had 8 spell levels left.
You knew the following spells:

 Your Spells              Type           Power        Failure   Level  Hunger
a - Confuse               Hex            ######..     1%          3    None
b - Ensorcelled Hibernat  Hex/Ice        #####.       1%          2    None
c - Tukima's Dance        Hex            ######..     1%          3    None
d - Dazzling Spray        Conj/Hex       ######       1%          3    None
e - Metabolic Englaciati  Hex/Ice        #####.....   8%          5    ###....
f - Orb of Destruction    Conj           ######....   45%         7    ######.
g - Spellforged Servitor  Conj/Summ      #####.....   94%         7    ######.

Your spell library contained the following spells:

 Spells                   Type           Power        Failure   Level  Hunger
 Confusing Touch          Hex            ######       1%          1    None
 Corona                   Hex            ######.      1%          1    None
 Yara's Violent Unravell  Hex/Tmut       #####.....   8%          5    ###....
 Gell's Gravitas          Tloc           ###.......   12%         3    None
 Iskenderun's Battlesphe  Conj/Chrm      #####...     13%         5    ###....
 Venom Bolt               Conj/Pois      #####.....   13%         5    ###....
 Bolt of Magma            Conj/Fire/Erth ####......   26%         5    ###....
 Petrify                  Tmut/Erth      ###.....     36%         4    None
 Iron Shot                Conj/Erth      #####.....   58%         6    #####..


Dungeon Overview and Level Annotations

Branches:
Dungeon (12/15)            Temple (1/1) D:5            Lair (6/6) D:11
  Swamp (0/4) Lair:2       Spider (0/4) Lair:3        Slime (0/5) Lair:5
    Orc (0/2) D:11

Altars:
Cheibriados
Dithmenos
Elyvilon
Fedhas
Gozag
Makhleb
Nemelex Xobeh
Okawaru
Qazlal
Trog
Uskayaw
Vehumet
Wu Jian
Xom
Yredelemnul
Zin
Jiyva

Shops:
D:6 :   D:7 %   D:9 (   D:11 :

Portals:
Trove: D:10 (give horn of Geryon)

Annotations:
D:6 2 runed translucent doors, hbr223's ghost, novice MiBe
Lair:5 exclusion: oklob plant
Lair:6 3 runed translucent doors, Grijm's ghost, journeyman HuWn


Message History

You spin and attack the fire crab repeatedly.
You puncture the fire crab!
The fire crab is moderately wounded.
You hit the fire crab but do no damage.
The fire crab is moderately wounded.
You are engulfed in blazing flames.
You resist.
* * * LOW HITPOINT WARNING * * *
The fire crab bites you but does no damage.
The fire crab completely misses you.
You spin and attack the fire crab.
You puncture the fire crab! You drain the fire crab.
The fire crab is heavily wounded.
The fire crab bites you.
* * * LOW HITPOINT WARNING * * *
You are engulfed in flames.
You resist.
* * * LOW HITPOINT WARNING * * *
The fire crab claws you.
* * * LOW HITPOINT WARNING * * *
You are engulfed in flames.
You resist.
You die...

..#......#...###.# ###
.##.........## ### #.###
..###P.P...## ##(.#####
....##....#.#
#####.....#.###
.....#......#
##..............
.........#..#
##...............
..###...#.###
##...)............ ..#
#.#...##
#...[..#)......... ###
###..P.#
#@°°#.#.#......... ##
##...##
##°t###D##......... .##
###..###°○###..####......#
..#### #...##°°###§.#
###..### .....#
##..#°####§..## ####
.....# ##.### #.§..######
.P..## ##.#####.....#8#8#
≈ .....# ####8#...t.....##
≈≈ .....# #≈
##..........8##≈≈#


You could see a fire crab (pinned).

Vanquished Creatures
  Josephine (Lair:4)
  Erolcha (D:9)
  10 hydras
  A catoblepas (Lair:6)
  A centaur warrior (D:12)
  2 two-headed ogres
  A fire crab (Lair:5)
  A lindwurm (Lair:5)
  2 centaur zombies
  9 black mambas
  10 elephants
  Psyche (D:9)
  A gargoyle (D:12)
  2 molten gargoyles (Lair:6)
  8 spiny frogs
  2 rime drakes
  8 komodo dragons
  2 jumping spiders (Lair:3)
  2 trolls
  3 polar bears
  Grinder (D:4)
  A blink frog (Lair:5)
  A meliai zombie (D:11)
  5 dream sheep
  15 hippogriffs
  A redback (Lair:3)
  43 yaks
  4 wraiths (Lair:4)
  3 fire bats (Lair:5)
  7 wyverns
  3 basilisks
  3 steam dragons
  5 hungry ghosts
  A two-headed ogre zombie (D:11)
  14 porcupines
  16 water moccasins
  3 orc warriors
  5 hell hounds (Lair:6)
  2 phantoms
  2 ice beasts
  6 black bears
  3 ogres
  3 sky beasts
  6 wolves
  6 centaurs
  14 crocodiles
  A big kobold (D:7)
  13 bullfrogs
  Blork the orc (D:4)
  A gnoll sergeant (D:11)
  4 scorpions
  2 killer bees
  5 howler monkeys
  2 lava snakes (Lair:6)
  2 crimson imps
  A quasit (D:10)
  A bullfrog zombie (D:11)
  9 hounds
  3 centaur skeletons
  4 orc priests
  5 orc wizards
  5 bullfrog skeletons
  3 jellies
  Crazy Yiuf (D:2)
  7 worker ants
  3 iguanas
  7 ogre zombies (D:11)
  4 gnolls (D:11)
  8 adders
  A howler monkey skeleton (D:4)
  3 shadow imps
  An ooze (D:1)
  2 dart slugs
  5 leopard geckos
  33 orcs
  15 giant cockroaches
  9 goblins
  4 hobgoblins
  4 jackals
  12 kobolds
  2 quokkas
  A ball python (D:2)
  6 bats
  3 frilled lizards
  A goblin skeleton (D:11)
  5 goblin zombies (D:11)
  4 hobgoblin skeletons (D:11)
  3 hobgoblin zombies (D:11)
  A leopard gecko zombie (D:7)
  An orc skeleton (D:11)
  11 orc zombies (D:11)
  2 quokka zombies
  7 rats
  A fungus (Lair:6)
470 creatures vanquished.

Vanquished Creatures (collateral kills)
  2 two-headed ogres
  An orc warrior (D:8)
  A gnoll (D:11)
4 creatures vanquished.

Vanquished Creatures (others)
  16 fungi
  3 plants
19 creatures vanquished.

Grand Total: 493 creatures vanquished

Notes
Turn   | Place    | Note
-------+----------+-------------------------------------------
     0 | D:1      | Illumine the Deep Elf Enchanter began the quest for the
                  | Orb.
     0 | D:1      | Reached XP level 1. HP: 10/10 MP: 6/6
   226 | D:1      | Reached XP level 2. HP: 14/15 MP: 5/8
   233 | D:1      | Learned a level 2 spell: Ensorcelled Hibernation
  1148 | D:2      | Found a white marble altar of Elyvilon.
  1306 | D:2      | Found a blossoming altar of Fedhas.
  1331 | D:2      | Reached XP level 3. HP: 19/19 MP: 10/10
  1702 | D:2      | Found a runed translucent door.
  1703 | D:2      | Noticed Crazy Yiuf
  1710 | D:2      | Killed Crazy Yiuf
  1850 | D:2      | Reached XP level 4. HP: 24/24 MP: 11/11
  2020 | D:2      | Learned a level 3 spell: Confuse
  2024 | D:2      | Learned a level 3 spell: Tukima's Dance
  2028 | D:2      | Learned a level 3 spell: Dazzling Spray
  2254 | D:3      | Found an opulent altar of Gozag.
  2658 | D:4      | Noticed Blork the orc
  2688 | D:4      | Reached skill level 5 in Hexes
  2695 | D:4      | Reached XP level 5. HP: 28/28 MP: 13/13
  2701 | D:4      | Reached skill level 1 in Conjurations
  2703 | D:4      | Reached skill level 5 in Stealth
  2798 | D:4      | Noticed Grinder
  2805 | D:4      | Killed Grinder
  2805 | D:4      | Reached skill level 5 in Spellcasting
  2805 | D:4      | Reached XP level 6. HP: 11/32 MP: 10/15
  3080 | D:4      | Killed Blork the orc
  3133 | D:4      | Reached XP level 7. HP: 26/36 MP: 13/17
  3364 | D:4      | Found an iron altar of Okawaru.
  3504 | D:5      | Entered Level 5 of the Dungeon
  3531 | D:5      | Found a staircase to the Ecumenical Temple.
  3542 | Temple   | Entered the Ecumenical Temple
  3563 | Temple   | Became a worshipper of the Wu Jian Council
  4077 | D:5      | Reached XP level 8. HP: 32/41 MP: 3/19
  4621 | D:6      | Found a sparkling altar of Nemelex Xobeh.
  4783 | D:6      | Found a runed translucent door.
  4789 | D:6      | Noticed hbr223's ghost (novice MiBe)
  5048 | D:6      | Got a fine hand axe
  5088 | D:6      | Found a runed translucent door.
  5297 | D:6      | Found Ryexips's Book Shoppe.
  5568 | D:6      | Identified the +7 hand axe "Gram" {chop, rN+ Int+3} (You
                  | found it on level 6 of the Dungeon)
  5637 | D:7      | Found a shimmering altar of Xom.
  5714 | D:7      | Reached * piety under Wu Jian
  5814 | D:7      | Found a radiant altar of Vehumet.
  6041 | D:7      | Noticed a hippogriff
  6209 | D:7      | Killed a hippogriff
  6209 | D:7      | Reached skill level 5 in Short Blades
  6442 | D:7      | Found Uvucoblesm's Food Shop.
  6485 | D:7      | Reached XP level 9. HP: 46/46 MP: 13/21
  6530 | D:7      | Reached skill level 1 in Fighting
  6769 | D:7      | Reached skill level 5 in Conjurations
  7074 | D:8      | Reached skill level 1 in Shields
  7117 | D:8      | Reached ** piety under Wu Jian
  8052 | D:8      | Reached skill level 5 in Dodging
  8659 | D:9      | Noticed a troll
  8665 | D:9      | Killed a troll
  8727 | D:9      | Got a polished rapier
  8729 | D:9      | Found a stormy altar of Qazlal.
  8773 | D:9      | Identified the +9 rapier of Toisof {drain, rN+} (You found
                  | it on level 9 of the Dungeon)
  8929 | D:9      | Noticed Psyche
  8937 | D:9      | Killed Psyche
  8937 | D:9      | Reached XP level 10. HP: 54/54 MP: 12/24
  9085 | D:9      | Noticed a two-headed ogre
  9094 | D:9      | Killed a two-headed ogre
  9209 | D:9      | Reached *** piety under Wu Jian
  9500 | D:9      | Noticed Erolcha
  9515 | D:9      | Killed Erolcha
  9538 | D:9      | Found Ynuke's Antique Weapon Emporium.
  9546 | D:9      | Bought a glowing dagger for 105 gold pieces
  9615 | D:10     | Entered Level 10 of the Dungeon
  9615 | D:10     | Noticed a two-headed ogre
  9625 | D:10     | Killed a two-headed ogre
 10049 | D:10     | Reached XP level 11. HP: 60/60 MP: 20/26
 10182 | D:10     | Noticed a two-headed ogre
 10194 | D:10     | Found a portal to a secret trove of treasure.
 10194 | D:10     | Killed a two-headed ogre
 10701 | D:11     | Noticed a two-headed ogre
 11053 | D:11     | Found a staircase to the Orcish Mines.
 11057 | D:11     | Killed a two-headed ogre
 11087 | D:11     | Reached skill level 10 in Stealth
 11102 | D:11     | Reached skill level 10 in Hexes
 11272 | D:11     | Reached **** piety under Wu Jian
 11339 | D:12     | HP: 1/61 [gargoyle/stone arrow (22)]
 11357 | D:12     | Noticed a centaur warrior
 11362 | D:12     | Killed a centaur warrior
 11461 | D:10     | Reached skill level 10 in Spellcasting
 11776 | D:11     | Found Kethaled's Book Shoppe.
 12040 | D:11     | Reached ***** piety under Wu Jian
 12244 | D:11     | Found a staircase to the Lair.
 12253 | Lair:1   | Entered Level 1 of the Lair of Beasts
 12585 | Lair:1   | Reached XP level 12. HP: 56/67 MP: 28/28
 12845 | Lair:1   | Reached skill level 5 in Fighting
 13949 | Lair:2   | Found a staircase to the Swamp.
 14549 | Lair:3   | Found a hole to the Spider Nest.
 14674 | Lair:3   | Learned a level 5 spell: Metabolic Englaciation
 14998 | Lair:3   | Noticed a four-headed hydra
 15004 | Lair:3   | Killed a four-headed hydra
 15475 | Lair:4   | Noticed a seven-headed hydra
 15485 | Lair:4   | Killed a seven-headed hydra
 15768 | Lair:4   | Noticed Josephine
 15954 | Lair:4   | HP: 1/69 [wraith[Josephine] (6)]
 15962 | Lair:4   | Killed Josephine
 16367 | Lair:4   | Noticed a seven-headed hydra
 16373 | Lair:4   | Killed a seven-headed hydra
 16373 | Lair:4   | Reached XP level 13. HP: 74/74 MP: 30/30
 16681 | Lair:5   | Found a staircase to the Slime Pits.
 16976 | Lair:5   | Found a viscous altar of Jiyva.
 17840 | Lair:5   | Reached skill level 10 in Dodging
 18307 | Lair:6   | Entered Level 6 of the Lair of Beasts
 19584 | D:11     | Bought a book of Power for 810 gold pieces
 19592 | D:11     | Learned a level 7 spell: Orb of Destruction
 19600 | D:11     | Learned a level 7 spell: Spellforged Servitor
 20057 | Lair:6   | Reached skill level 10 in Conjurations
 20086 | Lair:6   | Reached skill level 1 in Summonings
 20610 | Lair:6   | Reached XP level 14. HP: 59/80 MP: 21/32
 20994 | Lair:6   | Found a runed translucent gate.
 20995 | Lair:6   | Found a runed translucent gate.
 20996 | Lair:6   | Found a runed translucent gate.
 21035 | Lair:6   | Noticed Grijm's ghost (journeyman HuWn)
 22068 | Lair:6   | HP: 4/82 [fire crab (5)]
 22068 | Lair:6   | Slain by a fire crab

Levels and vault maps discovered:
D:1:      dpeg_arrival_rooms_a, layout_loops_ring, serial_forest,
          infiniplex_forest_end_3, infiniplex_forest_clump_cross,
          infiniplex_forest_lined_room_3, infiniplex_forest_straight_1,
          infiniplex_forest_lined_3, infiniplex_forest_fountain,
          infiniplex_forest_clump_tiny, hex_large, minmay_hexomino_u4
D:2:      minmay_roachtagon, layout_basic, lemuel_doored_altar, fedhas_altar_3,
          uniq_crazy_yiuf_cottage
D:3:      layout_basic, hangedman_decor_push, grunt_gozag_statues
D:4:      layout_basic, okawaru_metal_pillars_1_2, first_ration,
          uniq_blork_the_orc, uniq_grinder
D:5:      layout_loops_ring, minmay_temple_entry_statues_pillars,
          kennysheep_flooded_box, corexii_corridor_pit
D:6:      layout_loops_corners, nemelex_xobeh_ov_fountains_minmay, serial_shops,
          nicolae_shop_statue_plus, ebering_ghost_sewer_f
D:7:      layout_basic, kennysheep_mini, serial_shops,
          nicolae_shop_behind_doors, basic_altar
D:8:      layout_rooms
D:9:      layout_roguey, nicolae_qazlal_general_emergency, serial_shops,
          nicolae_shop_overgrown_old_shop, uniq_psyche, uniq_erolcha
D:10:     layout_gridville, nicolae_trove_entry_crossroad
D:11:     layout_rooms, grunt_lair_entry_orc_guard_hut, zombieorc2_lemuel,
          serial_shops, shop
D:12:     layout_rooms, lightli_church_of_beogh
Temple:   eino_temple_rhombus
Lair:1:   layout_cave_pods
Lair:2:   layout_regular_city, swamp_mist, chequers_serial_rivers_small_a,
          minivault_23, serial_bayou_shore_b, infiniplex_staircase_pool_2
Lair:3:   layout_long_grid, spider_nest_entry_funnel_web, st_stairs_10
Lair:4:   layout_long_grid, uniq_josephine
Lair:5:   layout_gridlike, slime_altar_1, minmay_shattered_shrine,
          grunt_megastairs_4, serial_bayou_shore_b, minmay_lair_oklob_chamber
Lair:6:   cheibrodos_lair_end_hotspot, layout_cave_pods,
          maelrawn_ghost_gauntlet_escape, lemuel_fruit_fields

Skill      XL: |  1  2  3  4  5  6  7  8  9 10 11 12 13 14 |
---------------+-------------------------------------------+-----
Stealth        | 4 5 6 7 8 9 10 11 12 | 12.8
Short Blades   | 2 3 4 5 6 7 8 9 |  9.9
Spellcasting   | 4 5 6 7 8 9 10 11 12 | 12.7
Hexes          | 5 6 7 8 9 10 11 12 | 12.9
Conjurations   | 2 3 4 5 6 7 9 10 | 10.3
Dodging        | 4 5 6 8 9 10 | 10.8
Fighting       | 2 3 4 5 6 7 |  7.0
Shields        | 2 3 4 |  4.0
Summonings     | 1 2 |  2.5

Action                   |  1- 3 |  4- 6 |  7- 9 | 10-12 | 13-15 || total
-------------------------+-------+-------+-------+-------+-------++-------
Melee: Dagger            |    66 |    84 |   176 |   319 |   170 ||   815
       Rapier            |       |       |     6 |   144 |    56 ||   206
Throw: Throwing net      |       |       |       |       |     1 ||     1
 Cast: Corona            |     9 |       |       |       |       ||     9
       Ensorcelled Hiber |    24 |     3 |    70 |   148 |   135 ||   380
       Confuse           |       |     2 |    23 |    39 |    32 ||    96
       Dazzling Spray    |       |       |    50 |    33 |    56 ||   139
       Tukima's Dance    |       |       |     5 |    14 |       ||    19
       Metabolic Englaci |       |       |       |       |     3 ||     3
Invok: Lunge             |       |       |    28 |    50 |    35 ||   113
       Whirlwind         |       |       |     5 |    24 |    10 ||    39
       Serpent's Lash    |       |       |       |     2 |     1 ||     3
       Heavenly Storm    |       |       |       |     1 |     1 ||     2
 Abil: Wall Jump         |       |       |       |       |     1 ||     1
Evoke: Wand              |       |       |       |     1 |     2 ||     3
  Use: Scroll            |     4 |       |     6 |    10 |     1 ||    21
       Potion            |       |       |       |     2 |     2 ||     4
 Stab: Sleeping          |    19 |    14 |    62 |   101 |    81 ||   277
       Confused          |       |     2 |    10 |    24 |    13 ||    49
       Distracted        |       |       |     1 |     2 |       ||     3
       Invisible         |       |       |       |     2 |     1 ||     3
  Eat: Chunk             |     4 |     4 |    20 |    18 |    12 ||    58
       Ration            |       |       |       |     3 |     2 ||     5
Armor: Robe              |    18 |    28 |    37 |    59 |    20 ||   162
Dodge: Dodged            |    55 |    50 |    86 |   232 |   174 ||   597
Block: Buckler           |       |       |       |    47 |    61 ||   108
